 Dungeon Crawl Stone Soup version 0.19.0-2-gae57169 (webtiles) character file.

9510 PhynixH2O the Fighter (level 11, 0/65 HPs)
             Began as a Vine Stalker Fighter on Nov 6, 2016.
             Was an Elder of Makhleb.
             Slain by a hill giant
             ... wielding a +0 giant spiked club
              (31 damage)
             ... on level 10 of the Dungeon.
             The game lasted 00:46:09 (9764 turns).

PhynixH2O the Fighter (Vine Stalker Fighter)        Turns: 9764, Time: 00:46:10

Health: 0/65       AC: 12    Str: 21    XL:     11   Next: 47%
Magic:  0/16       EV:  4    Int:  8    God:    Makhleb [****..]
Gold:   475        SH:  0    Dex: 15    Spells: 0 memorised, 10 levels left

rFire  . . .     SeeInvis .     H - +3 war axe
rCold  . . .     Gourm    +     u - +2 scale mail {MR+}
rNeg   + . .     Faith    .     c - +0 shield
rPois  .         Spirit   +     w - +0 helmet
rElec  .         Reflect  .     (no cloak)
rCorr  .         Harm     .     (no gloves)
MR     ++...                    (no boots)
Stlth  ..........               s - amulet of the gourmand (curse)
                                x - +3 ring of protection
                                b - ring of positive energy

@: about to teleport, held
A: fangs 3, regeneration 1, magic shield, antimagic bite, no device heal 3, rot
immunity
a: Minor Destruction, Lesser Servant of Makhleb, Major Destruction, Renounce
Religion


You were on level 10 of the Dungeon.
You worshipped Makhleb.
Makhleb was greatly pleased with you.
You were completely stuffed.

You visited 2 branches of the dungeon, and saw 11 of its levels.
You also visited: Bailey.

You collected 475 gold pieces.

Inventory:

Hand Weapons
 D - a +3 flail of draining
 H - a +3 war axe (weapon)
 K - the +9 halberd of Unpleasantness {drain, rPois Str-4 Int+5 Dex+2}
   (You found it on level 9 of the Dungeon)

   A truly terrible weapon, it drains the life of those it strikes.
   It affects your strength (-4).
   It affects your intelligence (+5).
   It affects your dexterity (+2).
   It protects you from poison.
Armour
 c - a +0 shield (worn)
 u - a +2 scale mail of magic resistance (worn)
 w - a +0 helmet (worn)
Jewellery
 b - a ring of positive energy (left hand)
 s - a cursed amulet of the gourmand (around neck)
 x - a +3 ring of protection (right hand)
 z - an uncursed ring of positive energy
 E - a cursed ring of loudness {unknown}
 G - an uncursed ring of poison resistance {unknown}
 J - an uncursed amulet of magic regeneration
Wands
 a - a wand of digging (10/24)
 F - a wand of heal wounds (2/9)
Scrolls
 h - 4 scrolls of fog
 k - 4 scrolls of enchant armour
 m - 4 scrolls of teleportation
 p - 5 scrolls of magic mapping
 q - a scroll of fear {unknown}
 r - a scroll of noise {unknown}
 v - 2 scrolls of blinking
 y - 6 scrolls of remove curse
 B - a scroll of recharging {unknown}
 I - a scroll of immolation {unknown}
Potions
 d - a potion of might
 e - 2 potions of brilliance
 n - 6 potions of curing
 C - a potion of berserk rage {unknown}
Comestibles
 f - 4 bread rations
 g - a beef jerky
 i - 10 chunks of flesh
 l - 3 meat rations
 o - a slice of pizza
 t - 2 fruits


   Skills:
 - Level 11.4 Fighting
 * Level 10.1 Axes
 - Level 2.4 Armour
 - Level 2.6 Shields
 + Level 6.5 Invocations


You had 10 spell levels left.
You didn't know any spells.

Dungeon Overview and Level Annotations

Branches:
Dungeon (10/15)            Temple (1/1) D:4
   Lair: D:8-11         Orc: D:9-12

Altars:
Ashenzari
Cheibriados
Dithmenos
Elyvilon
Fedhas
Gozag
Hepliaklqana
Kikubaaqudgha
Makhleb
Nemelex Xobeh
Okawaru
Qazlal
Ru
Sif Muna
Vehumet
Xom
Yredelemnul
The Shining One


Innate Abilities, Weirdness & Mutations

You have razor-sharp teeth.
Your natural rate of healing is unusually fast.
When hurt, damage is shared between your health and your magic reserves.
Your bite disrupts and absorbs the magic of your enemies.
Potions and wands cannot restore your health.
You are immune to rotting.


Message History

The wraith drains the fungus's vigour!
The orc warrior hits you from afar with a halberd!
You block the orc's attack.
The centaur warrior skeleton hits the plant but does no damage.
The wraith hits the fungus.
The hill giant throws a throwing net.
The throwing net hits you.
You become entangled in the net!
You see here a throwing net.
You struggle against the net.
The centaur warrior skeleton hits the plant but does no damage.
The wraith hits the fungus.
The orc warrior hits you from afar with a halberd!
The wraith hits the fungus!
The centaur warrior skeleton hits the plant but does no damage.
As you read the scroll of teleportation, it crumbles to dust.
You feel strangely unstable.
The wraith hits the fungus! x2
The fungus is destroyed!
The orc warrior hits you but does no damage.
You tear a large gash into the net.
The orc barely misses you.
The hill giant hits you with a giant spiked club!!!
You die...

....oo...#
#####.###)#####.## # ...#.#
#oW......+ #. #.#.#
#)#####.## #.#######..>###(#
#......#......#.#######
###.........PP...........
...........P.P.W....#####
..........P.@CoZP...#
.........P.P.oWP.P..#
#####..P.P####.PP..#
##########.P...+ #..P...#
#....<.÷%...P..# #P..P....
..########..P..####..P..##.#
#.†.†..P.P.P...# +#
##........P.....
#†.PP.........


You could see a hill giant, 2 wraiths, an orc warrior, an orc and a centaur
warrior skeleton.

Vanquished Creatures
  Gastronok (D:9)
  An unseen horror (D:9)
  Pikel (D:6)
  An ugly thing (D:7)
  A two-headed ogre (D:8)
  A hippogriff (D:8)
  4 yaks (D:9)
  A hungry ghost (D:8)
  Edmund (D:6)
  A soldier ant (D:8)
  The ghost of tape the Firebug, an amateur DEFE of Kikubaaqudgha (D:4)
  A slave (D:6)
  2 ice beasts (D:7)
  9 orc warriors
  4 necrophages (D:7)
  3 phantoms
  5 ogres
  The ghost of vogonpoet the Twirler, an amateur MiGl (D:3)
  3 centaurs
  A crocodile (D:10)
  A big kobold (D:7)
  3 bullfrogs
  6 scorpions
  3 wights (D:7)
  3 killer bees
  4 howler monkeys
  3 crimson imps
  5 jellies
  A bullfrog zombie (D:7)
  2 centaur zombies (D:7)
  2 hounds
  4 orc priests
  Jessica (D:2)
  A bullfrog skeleton (D:6)
  Terence (D:3)
  3 iguanas
  11 orc wizards
  5 worker ants
  A killer bee zombie (D:7)
  A hound zombie (D:7)
  2 hound skeletons
  2 howler monkey zombies (D:8)
  A howler monkey skeleton (D:7)
  4 gnolls (D:7)
  13 adders
  2 river rats (D:10)
  2 shadow imps
  2 oozes
  3 worms
  4 dart slugs
  6 leopard geckos
  45 orcs
  A ball python (D:3)
  17 bats
  3 giant cockroaches
  6 goblins
  9 hobgoblins
  6 jackals
  6 kobolds
  9 quokkas
  7 frilled lizards
  A leopard gecko skeleton (D:7)
  2 quokka zombies
  16 rats
  A fungus (D:10)
274 creatures vanquished.

Vanquished Creatures (collateral kills)
  An orc knight (Bailey)
  6 orc warriors (Bailey)
  A wight (D:9)
  3 orcs (Bailey)
11 creatures vanquished.

Vanquished Creatures (others)
  A slave (D:8)
  2 orc priests
  A worker ant (D:6)
  An orc (D:6)
  A giant cockroach (D:6)
  A fungus (D:10)
7 creatures vanquished.

Grand Total: 292 creatures vanquished

Notes
Turn   | Place    | Note
-------+----------+-------------------------------------------
     0 | D:1      | PhynixH2O the Vine Stalker Fighter began the quest for the Orb.
     0 | D:1      | Reached XP level 1. HP: 11/11 MP: 2/2
   322 | D:1      | Reached XP level 2. HP: 14/16 MP: 3/3
   490 | D:1      | Reached skill level 3 in Fighting
  1007 | D:1      | Reached XP level 3. HP: 20/20 MP: 4/4
  1216 | D:2      | Noticed Jessica
  1225 | D:2      | Killed Jessica
  1225 | D:2      | Gained mutation: Your natural rate of healing is unusually fast. [Vine Stalker growth]
  1225 | D:2      | Reached XP level 4. HP: 17/24 MP: 2/5
  2244 | D:3      | Reached XP level 5. HP: 28/28 MP: 6/6
  2292 | D:3      | Noticed Terence
  2306 | D:3      | Killed Terence
  2428 | D:3      | Noticed vogonpoet's ghost (amateur MiGl)
  2492 | D:3      | Killed vogonpoet's ghost
  2492 | D:3      | Reached skill level 4 in Fighting
  2492 | D:3      | Reached XP level 6. HP: 11/33 MP: 4/7
  2846 | D:3      | Reached skill level 5 in Axes
  3170 | D:4      | Found a staircase to the Ecumenical Temple.
  3175 | Temple   | Entered the Ecumenical Temple
  3251 | Temple   | Became a worshipper of Makhleb the Destroyer
  3362 | D:4      | Noticed tape's ghost (amateur DEFE)
  3374 | D:4      | Killed tape's ghost
  3374 | D:4      | Reached skill level 5 in Fighting
  3374 | D:4      | Reached XP level 7. HP: 29/39 MP: 8/8
  4074 | D:5      | Entered Level 5 of the Dungeon
  4161 | D:5      | Reached skill level 6 in Fighting
  4377 | D:4      | Gained mutation: You have razor-sharp teeth. [Vine Stalker growth]
  4377 | D:4      | Reached XP level 8. HP: 18/45 MP: 6/9
  4434 | D:5      | Reached * piety under Makhleb
  4647 | D:5      | Reached skill level 7 in Fighting
  4966 | D:6      | Noticed Edmund
  4985 | D:6      | Killed Edmund
  4985 | D:6      | Reached skill level 8 in Fighting
  5047 | D:6      | Identified the Grimoire of Enthralling Companions
  5134 | D:6      | Noticed Pikel
  5170 | D:6      | Killed Pikel
  5170 | D:6      | Reached skill level 9 in Fighting
  5170 | D:6      | Reached XP level 9. HP: 53/53 MP: 10/10
  5730 | D:6      | Reached skill level 10 in Fighting
  5951 | D:7      | Reached ** piety under Makhleb
  6109 | D:7      | Noticed a purple ugly thing
  6135 | D:7      | Killed a purple ugly thing
  6135 | D:7      | Reached skill level 11 in Fighting
  6228 | D:7      | Reached skill level 1 in Invocations
  6240 | D:7      | Reached XP level 10. HP: 61/61 MP: 12/12
  6780 | D:8      | Reached *** piety under Makhleb
  7240 | D:8      | Found an iron altar of Okawaru.
  7830 | D:9      | Killed an unseen horror
  8010 | D:9      | Found a shimmering altar of Xom.
  8012 | D:9      | Found a basalt altar of Yredelemnul.
  8168 | D:9      | Found a flagged portal.
  8182 | D:9      | Got a translucent halberd
  8191 | Bailey   | Entered a bailey
  8193 | Bailey   | Identified the +9 halberd of Unpleasantness {drain, rPois Str-4 Int+5 Dex+2} (You found it on level 9 of the Dungeon)
  8284 | Bailey   | Reached skill level 5 in Invocations
  8379 | Bailey   | Reached **** piety under Makhleb
  8386 | Bailey   | Reached XP level 11. HP: 35/65 MP: 8/15
  8662 | Bailey   | Found a roughly hewn altar of Beogh.
  8662 | Bailey   | Noticed an orc knight
  8678 | Bailey   | Killed an orc knight
  8682 | Bailey   | HP: 2/65 [orc warrior/halberd (8)]
  9020 | D:9      | Noticed Gastronok
  9052 | D:9      | Killed Gastronok
  9052 | D:9      | Reached skill level 10 in Axes
  9606 | D:10     | Entered Level 10 of the Dungeon
  9754 | D:10     | Noticed a hill giant
  9764 | D:10     | Slain by a hill giant

Skill      XL: |  1  2  3  4  5  6  7  8  9 10 11 |
---------------+----------------------------------+-----
Axes           | 2 3 4 5 6 8 10 | 10.1
Fighting       | 3 4 5 6 9 11 | 11.4
Invocations    | 1 5 6 |  6.5
Armour         | |  2.4
Shields        | |  2.6

Action                   |  1- 3 |  4- 6 |  7- 9 | 10-12 || total
-------------------------+-------+-------+-------+-------++-------
Melee: War axe           |    94 |   192 |    29 |   325 ||   640
       Bite              |    20 |    51 |    89 |   126 ||   286
       Mace              |       |     8 |   113 |       ||   121
       Flail             |       |       |   118 |       ||   118
Invok: Minor Destruction |       |       |       |    64 ||    64
       Lesser Servant of |       |       |       |     4 ||     4
       Major Destruction |       |       |       |     1 ||     1
  Use: Scroll            |     6 |     2 |     4 |    13 ||    25
       Potion            |       |       |     1 |     6 ||     7
 Stab: Distracted        |       |       |       |     1 ||     1
  Eat: Chunk             |     1 |    17 |    10 |    17 ||    45
Armor: Scale mail        |    46 |    80 |   113 |   183 ||   422
Dodge: Dodged            |    21 |    41 |    69 |   106 ||   237
Block: Shield            |    54 |    78 |   129 |   138 ||   399
